NCAA
GEORGIA TECH YELLOW JACKETS @ TEXAS CHRISTIAN HORNED FROGS
04/30/2023
 
TOP OF THE 1ST
Georgia Tech Yellow Jackets batting - Pitching for Texas Christian Horned Frogs : RHP Jesús Moreno
Pitching: RHP Jesús Moreno
Batting: RHB Flint Todd 0-0: SOLO HOME RUN (Line Drive, 8LXD), Distance : 445 ft
Batting: SHB Ramón Valdés 0-0: Ball
1-0: Ball
2-0: Swinging Strike
2-1: Called Strike
2-2: Foul Ball, location: 2F
2-2: Ball
3-2: Base on Balls
Batting: RHB Brian Cannon 0-0: Ball
Wild Pitch!
Ramón Valdés to second
1-0: SINGLE (Groundball, 56D)
Ramón Valdés to third
Runner from 3rd tries for Home, SAFE, throw made home
Brian Cannon to second
Batting: RHB Luis Antonio Cuevas 0-0: Swinging Strike
0-1: Ball
1-1: Swinging Strike
1-2: Ball
2-2: Strikes out swinging
Batting: RHB Jonny Lord 0-0: Ball
1-0: Called Strike
1-1: Swinging Strike
1-2: Ball
2-2: Ball
3-2: Base on Balls
Batting: RHB Pedro Fernández 0-0: DOUBLE (Groundball, 3L)
Brian Cannon scores
Jonny Lord to third
Batting: SHB Alfonso Escasán 0-0: Hit by Pitch
Batting: RHB John Smith 0-0: Ball
1-0: Ball
2-0: Grounds into double play, 4-6-3 (Groundball, 4)
Top of the 1st over - 3 run(s), 3 hit(s), 0 error(s), 2 left on base; Georgia Tech 3 - Texas Christian 0
BOTTOM OF THE 1ST
Texas Christian Horned Frogs batting - Pitching for Georgia Tech Yellow Jackets : RHP Pedro Mendoza
Pitching: RHP Pedro Mendoza
Batting: LHB Miguel Martínez 0-0: Called Strike
0-1: Ball
1-1: Ball
2-1: Swinging Strike
2-2: Fly out, F7 (Flyball, 7LM)
Batting: RHB Dave Anderson 0-0: Ball
1-0: Ball
2-0: Swinging Strike
2-1: Foul Ball, location: 2F
2-2: Ball
3-2: Foul Ball, location: 2F
3-2: Strikes out swinging
Batting: RHB Brett Murphy 0-0: Ball
1-0: Ball
2-0: Ground out 4-3 (Groundball, 4M)
Bottom of the 1st over - 0 run(s), 0 hit(s), 0 error(s), 0 left on base; Georgia Tech 3 - Texas Christian 0
TOP OF THE 2ND
Georgia Tech Yellow Jackets batting - Pitching for Texas Christian Horned Frogs : RHP Jesús Moreno
Batting: LHB Héctor Soto 0-0: Ball
1-0: Called Strike
1-1: Fly out, F8 (Line Drive, 8LM)
Batting: RHB Flint Todd 0-0: Foul Ball, location: 2F
0-1: Reached on error, E6 (Groundball, 6)
Batting: SHB Ramón Valdés 0-0: Ball
1-0: Ball
2-0: Foul Ball, location: 2F
2-1: Ball
3-1: Foul Ball, location: 2F
3-2: Base on Balls
Batting: RHB Brian Cannon 0-0: Ball
1-0: SINGLE (Line Drive, 4M)
Flint Todd to third
Ramón Valdés to second
Runner from 3rd tries for Home, throw and OUT!
Batting: RHB Luis Antonio Cuevas 0-0: Called Strike
0-1: Ball
1-1: Foul Ball, location: 2F
1-2: Strikes out swinging
Top of the 2nd over - 0 run(s), 1 hit(s), 1 error(s), 2 left on base; Georgia Tech 3 - Texas Christian 0
BOTTOM OF THE 2ND
Texas Christian Horned Frogs batting - Pitching for Georgia Tech Yellow Jackets : RHP Pedro Mendoza
Batting: LHB Brenton Carter 0-0: Ball
1-0: Swinging Strike
1-1: Ball
2-1: Foul Ball, location: 2F
2-2: Ball
3-2: SINGLE (Popup, 6MD)
Batting: RHB Greg Carpenter 0-0: 2-RUN HOME RUN (Flyball, 9D), Distance : 373 ft
Batting: RHB Anthony Walsh 0-0: Ball
1-0: Ball
2-0: Called Strike
2-1: Called Strike
2-2: Ball
3-2: Base on Balls
Batting: LHB Garrett Cabrera 0-0: Ball
1-0: Called Strike
1-1: Called Strike
1-2: Strikes out swinging
Batting: LHB Brandon Bingham 0-0: Called Strike
0-1: Ball
1-1: Ball
2-1: Ball
3-1: Grounds into double play, 4-6-3 (Groundball, 4)
Bottom of the 2nd over - 2 run(s), 2 hit(s), 0 error(s), 0 left on base; Georgia Tech 3 - Texas Christian 2
TOP OF THE 3RD
Georgia Tech Yellow Jackets batting - Pitching for Texas Christian Horned Frogs : RHP Jesús Moreno
Batting: RHB Jonny Lord 0-0: Called Strike
0-1: Ground out 4-3 (Groundball, 4MD)
Batting: RHB Pedro Fernández 0-0: Called Strike
0-1: Ball
1-1: Swinging Strike
1-2: Ball
2-2: Fly out, F9 (Flyball, 89M)
Batting: SHB Alfonso Escasán 0-0: Ball
1-0: Fly out, F5 (Popup, 5F)
Top of the 3rd over - 0 run(s), 0 hit(s), 0 error(s), 0 left on base; Georgia Tech 3 - Texas Christian 2
BOTTOM OF THE 3RD
Texas Christian Horned Frogs batting - Pitching for Georgia Tech Yellow Jackets : RHP Pedro Mendoza
Batting: LHB Dave Green 0-0: Swinging Strike
0-1: Ball
1-1: Foul Ball, location: 2F
1-2: Ball
2-2: Strikes out swinging
Batting: LHB Miguel Martínez 0-0: Called Strike
0-1: Swinging Strike
0-2: SINGLE (Groundball, 3D)
Batting: RHB Dave Anderson 0-0: Called Strike
0-1: SINGLE (Groundball, 6MD)
Miguel Martínez to second
Runner from 2nd tries for 3rd, SAFE, no throw or cutoff
Batting: RHB Brett Murphy 0-0: Hit by Pitch
Dave Anderson to second
Batting: LHB Brenton Carter 0-0: Called Strike
0-1: Swinging Strike
0-2: Fly out, F6 (Popup, 7S)
Batting: RHB Greg Carpenter 0-0: GRAND SLAM HOME RUN (Flyball, 7D), Distance : 408 ft
Batting: RHB Anthony Walsh 0-0: Ball
1-0: Ball
2-0: Called Strike
2-1: Ground out 5-3 (Groundball, 56)
Bottom of the 3rd over - 4 run(s), 3 hit(s), 0 error(s), 0 left on base; Georgia Tech 3 - Texas Christian 6
TOP OF THE 4TH
Georgia Tech Yellow Jackets batting - Pitching for Texas Christian Horned Frogs : RHP Jesús Moreno
Batting: RHB John Smith 0-0: Called Strike
0-1: Ball
1-1: SINGLE (Groundball, 5D)
Batting: LHB Héctor Soto 0-0: Foul Ball, location: 2F
0-1: Ball
1-1: SINGLE (Groundball, 34D)
John Smith to second
Runner from 2nd tries for 3rd, SAFE, throw made to third
Héctor Soto to second
Batting: RHB Flint Todd 0-0: Called Strike
0-1: Ball
1-1: Ball
2-1: Ball
3-1: Foul Ball, location: 2F
3-2: Strikes out swinging
Batting: SHB Ramón Valdés 0-0: Called Strike
0-1: Fly out, F7 (Flyball, 7M)
Runner from 3rd tags up, SCORES, throw made
Batting: RHB Brian Cannon 0-0: Ball
1-0: Ground out 4-3 (Groundball, 4)
Top of the 4th over - 1 run(s), 2 hit(s), 0 error(s), 1 left on base; Georgia Tech 4 - Texas Christian 6
BOTTOM OF THE 4TH
Texas Christian Horned Frogs batting - Pitching for Georgia Tech Yellow Jackets : RHP Pedro Mendoza
Batting: LHB Garrett Cabrera 0-0: Ball
1-0: Ball
2-0: Ball
3-0: Base on Balls
Batting: LHB Brandon Bingham 0-0: Ball
1-0: Called Strike
1-1: Swinging Strike
1-2: Strikes out looking
Batting: LHB Dave Green 0-0: Ball
1-0: Ball
2-0: Foul Ball, location: 2F
2-1: Called Strike
2-2: Ball
3-2: Base on Balls
Garrett Cabrera to second
Batting: LHB Miguel Martínez 0-0: Fielders Choice at 2nd, 4-6 (Groundball, 34)
Garrett Cabrera to third
Batting: RHB Dave Anderson 0-0: Ball
1-0: Called Strike
1-1: Ball
2-1: Foul Ball, location: 2F
2-2: Strikes out swinging
Bottom of the 4th over - 0 run(s), 0 hit(s), 0 error(s), 2 left on base; Georgia Tech 4 - Texas Christian 6
TOP OF THE 5TH
Georgia Tech Yellow Jackets batting - Pitching for Texas Christian Horned Frogs : RHP Jesús Moreno
Batting: RHB Luis Antonio Cuevas 0-0: Called Strike
0-1: Swinging Strike
0-2: Strikes out looking
Batting: RHB Jonny Lord 0-0: Foul Ball, location: 2F
0-1: Ball
1-1: Foul Ball, location: 2F
1-2: Strikes out swinging
Batting: RHB Pedro Fernández 0-0: Ball
1-0: Ball
2-0: Ground out 3-1 (Groundball, 34)
Top of the 5th over - 0 run(s), 0 hit(s), 0 error(s), 0 left on base; Georgia Tech 4 - Texas Christian 6
BOTTOM OF THE 5TH
Texas Christian Horned Frogs batting - Pitching for Georgia Tech Yellow Jackets : RHP Pedro Mendoza
Batting: RHB Brett Murphy 0-0: Ball
1-0: Ball
2-0: Ball
3-0: Base on Balls
Pitching: RHP Aaron Wright
Batting: LHB Brenton Carter 0-0: Ball
1-0: Foul Ball, location: 2F
1-1: Ball
2-1: Ball
3-1: Base on Balls
Brett Murphy to second
Batting: RHB Greg Carpenter 0-0: Ball
1-0: Ball
2-0: Foul Ball, location: 2F
2-1: Ball
3-1: Base on Balls
Brett Murphy to third
Brenton Carter to second
Batting: RHB Anthony Walsh 0-0: Fly out, F7 (Flyball, 7LM)
Runner from 3rd tags up, SCORES, throw made
Batting: LHB Garrett Cabrera 0-0: Ball
1-0: SINGLE (Line Drive, 56D)
Brenton Carter to third
Greg Carpenter to second
Runner from 3rd tries for Home, SAFE, throw made home
Greg Carpenter to third
Garrett Cabrera to second
Batting: LHB Brandon Bingham 0-0: Intentional Walk
Batting: LHB Dave Green 0-0: Called Strike
0-1: Swinging Strike
0-2: Ball
1-2: Foul Ball, location: 2F
1-2: Strikes out swinging
Batting: LHB Miguel Martínez 0-0: Foul Ball, location: 2F
0-1: Swinging Strike
0-2: Foul Ball, location: 2F
0-2: Strikes out swinging
Bottom of the 5th over - 2 run(s), 1 hit(s), 0 error(s), 3 left on base; Georgia Tech 4 - Texas Christian 8
TOP OF THE 6TH
Georgia Tech Yellow Jackets batting - Pitching for Texas Christian Horned Frogs : RHP Jesús Moreno
Batting: SHB Alfonso Escasán 0-0: Called Strike
0-1: Fly out, F8 (Flyball, 8LM)
Pitching: RHP Juan Vigil
Batting: RHB John Smith 0-0: Swinging Strike
0-1: SOLO HOME RUN (Flyball, 7LD), Distance : 380 ft
Batting: LHB Héctor Soto 0-0: Ball
1-0: Ball
2-0: Foul Ball, location: 2F
2-1: Called Strike
2-2: Ball
3-2: SOLO HOME RUN (Line Drive, 89XD), Distance : 403 ft
Pitching: RHP Ralph Lambert
Batting: RHB Flint Todd 0-0: Ball
1-0: Called Strike
1-1: Ball
2-1: Ball
3-1: Ground out 5-3 (Groundball, 5)
Batting: SHB Ramón Valdés 0-0: Ball
1-0: Ball
2-0: Ball
3-0: SINGLE (Groundball, 34)
Batting: RHB Brian Cannon 0-0: Ball
1-0: Called Strike
1-1: Fly out, F2 (Popup, 2RF)
Top of the 6th over - 2 run(s), 3 hit(s), 0 error(s), 1 left on base; Georgia Tech 6 - Texas Christian 8
BOTTOM OF THE 6TH
Texas Christian Horned Frogs batting - Pitching for Georgia Tech Yellow Jackets : RHP Aaron Wright
Batting: RHB Dave Anderson 0-0: Ball
1-0: Bunted foul
1-1: Ball
2-1: Ball
3-1: Foul Ball, location: 2F
3-2: Foul Ball, location: 2F
3-2: Base on Balls
Batting: RHB Brett Murphy 0-0: Foul Ball, location: 2F
0-1: Fly out, F9 (Flyball, 9M)
Batting: LHB Brenton Carter 0-0: Swinging Strike
0-1: Foul Ball, location: 2F
0-2: Grounds into double play, 1-6-3 (Groundball, 15S)
Bottom of the 6th over - 0 run(s), 0 hit(s), 0 error(s), 0 left on base; Georgia Tech 6 - Texas Christian 8
TOP OF THE 7TH
Georgia Tech Yellow Jackets batting - Pitching for Texas Christian Horned Frogs : RHP Ralph Lambert
Batting: RHB Luis Antonio Cuevas 0-0: Ball
1-0: Ground out 6-3 (Groundball, 6)
Batting: RHB Jonny Lord 0-0: SINGLE (Groundball, 4MD)
Batting: RHB Pedro Fernández 0-0: Called Strike
0-1: Fielders Choice at 2nd, 3-6 (Groundball, 3)
Batting: SHB Alfonso Escasán 0-0: Foul Ball, location: 2F
0-1: Swinging Strike
0-2: Strikes out swinging
Top of the 7th over - 0 run(s), 1 hit(s), 0 error(s), 1 left on base; Georgia Tech 6 - Texas Christian 8
BOTTOM OF THE 7TH
Texas Christian Horned Frogs batting - Pitching for Georgia Tech Yellow Jackets : RHP Aaron Wright
Pitching: RHP Carlos Méndez
Batting: RHB Greg Carpenter 0-0: Ball
1-0: Ball
2-0: SINGLE (Line Drive, 4MD)
Batting: RHB Anthony Walsh 0-0: Called Strike
Greg Carpenter is caught stealing 2nd base
0-1: Foul Ball, location: 2F
0-2: Ball
1-2: Foul Ball, location: 2F
1-2: Foul Ball, location: 2F
1-2: DOUBLE (Line Drive, 7LS)
Batting: LHB Garrett Cabrera 0-0: Intentional Walk
Batting: LHB Brandon Bingham 0-0: Ball
1-0: Foul Ball, location: 2F
1-1: Foul Ball, location: 2F
1-2: Ball
2-2: Ball
3-2: Strikes out swinging
Pinch Hitting: RHB Cristo Souza 0-0: Foul Ball, location: 2F
0-1: Ball
1-1: Ball
2-1: SINGLE (Line Drive, 78M)
Anthony Walsh to third
Garrett Cabrera to second
Runner from 3rd tries for Home, SAFE, no throw or cutoff
Batting: LHB Miguel Martínez 0-0: Called Strike
0-1: Foul Ball, location: 2F
0-2: SINGLE (Line Drive, 34)
Garrett Cabrera to third
Cristo Souza to second
Runner from 3rd tries for Home, SAFE, no throw or cutoff
Batting: RHB Dave Anderson 0-0: Called Strike
0-1: Ball
1-1: SINGLE (Groundball, 6MD)
Cristo Souza to third
Miguel Martínez to second
Runner from 3rd tries for Home, SAFE, no throw or cutoff
Pitching: RHP Aubrey Hudson
Batting: RHB Brett Murphy 0-0: Foul Ball, location: 2F
0-1: Called Strike
0-2: Ball
1-2: Fly out, F9 (Line Drive, 89M)
Bottom of the 7th over - 3 run(s), 5 hit(s), 0 error(s), 2 left on base; Georgia Tech 6 - Texas Christian 11
TOP OF THE 8TH
Georgia Tech Yellow Jackets batting - Pitching for Texas Christian Horned Frogs : RHP Ralph Lambert
Now in CF: Hank Williams
Batting: RHB John Smith 0-0: Fly out, F5 (Popup, 5)
Pitching: RHP Tony Collins
Batting: LHB Héctor Soto 0-0: DOUBLE (Line Drive, 7LS)
Batting: RHB Flint Todd 0-0: Ground out 6-3 (Groundball, 6)
Batting: SHB Ramón Valdés 0-0: Ball
1-0: Foul Ball, location: 2F
1-1: Ground out 1-3 (Groundball, 13)
Top of the 8th over - 0 run(s), 1 hit(s), 0 error(s), 1 left on base; Georgia Tech 6 - Texas Christian 11
BOTTOM OF THE 8TH
Texas Christian Horned Frogs batting - Pitching for Georgia Tech Yellow Jackets : RHP Aubrey Hudson
Batting: LHB Brenton Carter 0-0: SINGLE (Line Drive, 7LS)
Batting: RHB Greg Carpenter 0-0: Ball
1-0: Foul Ball, location: 2F
1-1: Ball
2-1: Swinging Strike
2-2: Foul Ball, location: 2F
2-2: Ball
3-2: Foul Ball, location: 2F
3-2: Strikes out looking
Batting: RHB Anthony Walsh 0-0: Called Strike
0-1: Ball
1-1: SINGLE (Line Drive, 4M)
Brenton Carter to second
Batting: LHB Garrett Cabrera 0-0: Called Strike
0-1: Swinging Strike
0-2: Ball
1-2: Foul Ball, location: 2F
1-2: Foul Ball, location: 2F
1-2: Ball
2-2: Strikes out swinging
Batting: LHB Brandon Bingham 0-0: Ball
1-0: Fly out, F9 (Flyball, 89D)
Bottom of the 8th over - 0 run(s), 2 hit(s), 0 error(s), 2 left on base; Georgia Tech 6 - Texas Christian 11
TOP OF THE 9TH
Georgia Tech Yellow Jackets batting - Pitching for Texas Christian Horned Frogs : RHP Tony Collins
Batting: RHB Brian Cannon 0-0: Ball
1-0: Ball
2-0: Foul Ball, location: 2F
2-1: Called Strike
2-2: Strikes out swinging
Batting: RHB Luis Antonio Cuevas 0-0: Called Strike
0-1: Ball
1-1: Ball
2-1: Called Strike
2-2: Ball
3-2: Base on Balls
Batting: RHB Jonny Lord 0-0: Ball
1-0: Grounds into double play, 6-4-3 (Groundball, 6)
Top of the 9th over - 0 run(s), 0 hit(s), 0 error(s), 0 left on base; Georgia Tech 6 - Texas Christian 11
This league is powered by Out of the Park Baseball, the baseball management simulation game for PC, Mac and Linux
Wednesday, December 2nd, 2015 - OOTP Baseball 16.8 Build 38